 Dungeon Crawl Stone Soup version 0.24.0-13-gcf9b3192b9 (webtiles) character file.

Game seed: 8966631423003278997, levelgen mode: deterministic

213 Matador8 the Charmwright (level 5, -3/41 HPs)
             Began as a Draconian Skald on Nov 8, 2019.
             Killed by nerve-wracking pain
             ... invoked by an orc priest
              (14 damage)
             ... on level 3 of the Dungeon.
             The game lasted 00:11:29 (3369 turns).

Matador8 the Charmwright (Draconian Skald)          Turns: 3369, Time: 00:11:29

Health: -3/41      AC:  5    Str: 15    XL:     5   Next: 59%
Magic:  3/8        EV: 12    Int: 13    God:
Gold:   76         SH:  0    Dex: 10    Spells: 1/8 levels left

rFire    . . .     SeeInvis .   a - +0 mace
rCold    . . .     Gourm    .   (no shield)
rNeg     . . .     Faith    .   (armour unavailable)
rPois    .         Spirit   .   (helmet restricted)
rElec    .         Reflect  .   (no cloak)
rCorr    .         Harm     .   (no gloves)
MR       .....                  (no boots)
Stlth    +.........             (no amulet)
HPRegen  0.13/turn              (no ring)
MPRegen  0.11/turn              (no ring)

@: infused
A: unfitting armour, cold-blooded, AC +5
a: no special abilities


You were on level 3 of the Dungeon.
You were not hungry.

You visited 1 branch of the dungeon, and saw 4 of its levels.

You collected 76 gold pieces.

Inventory:

Hand Weapons
 a - a +0 mace (weapon)
 r - a +2 dagger of holy wrath
Armour
 o - a scarf of spirit shield
Jewellery
 j - a +3 ring of slaying {unknown}
 k - an uncursed ring of wizardry {unknown}
 n - a cursed ring of attention {unknown}
 u - an uncursed amulet of the gourmand {unknown}
 v - an uncursed ring of flight {unknown}
Scrolls
 f - a scroll of fog {unknown}
 g - 2 scrolls of magic mapping
 h - 3 scrolls of remove curse
 i - a scroll of blinking {unknown}
 l - a scroll of teleportation {unknown}
 m - a scroll of enchant weapon {unknown}
Potions
 b - a potion of degeneration
 q - a potion of lignification
 s - a potion of curing {unknown}
 t - a potion of agility {unknown}
Comestibles
 c - 4 rations


   Skills:
 - Level 2.1 Fighting
 - Level 3.9 Maces & Flails
 - Level 2.1 Dodging
 - Level 2.2 Spellcasting
 + Level 1.6 Hexes
 + Level 4.0 Charms
 - Level 1.0 Necromancy


You had one spell level left.
You knew the following spells:

 Your Spells              Type           Power        Failure   Level  Hunger
a - Infusion              Chrm           ##..         4%          1    ##.....
b - Regeneration          Chrm/Necr      #.........   26%         3    ####...
c - Spectral Weapon       Hex/Chrm       #.......     22%         3    ####...

Your spell library contained the following spells:

 Spells                   Type           Power        Failure   Level  Hunger
 Song of Slaying          Chrm           ##......     7%          2    ###....
 Shroud of Golubria       Chrm/Tloc      #.....       16%         2    ###....


Dungeon Overview and Level Annotations

Branches:
Dungeon (4/15)
 Temple: D:4-7

Altars:
Ashenzari


Innate Abilities, Weirdness & Mutations

Your plain brown scales are hard. (AC +5)
You cannot fit into any form of body armour.
You are cold-blooded and may be slowed by cold attacks.


Message History

Pain shoots through your body!
The orc priest casts a cantrip, but nothing happens.
You closely miss the orc priest.
The orc priest miscasts a cantrip.
You hit the orc priest! You tail-slap the orc priest.
The orc priest is severely wounded.
The orc priest barely misses you.
You closely miss the orc priest.
You tail-slap the orc priest, but do no damage.
The orc priest is severely wounded.
The orc priest barely misses you.
You barely miss the orc priest.
The orc priest is severely wounded.
The orc priest hits you with a +0 flail!
* * * LOW HITPOINT WARNING * * *
You barely miss the orc priest.
The orc priest is severely wounded.
The orc priest calls down the wrath of Beogh upon you.
Pain shoots through your body!
You die...

.. ..# .## #.# ... ... ...
#.# ..... #.. .. .........
# # #.#### . ....##..#
#.#. #oo@.# #. ........
..o.. #.#### #.. #.##..#
..#..##..######..###......
........o.................
......................(...
###.###..######...........
# #r.## #...##...... ###
#o..#####.......##.#
....o##...............##.#


You could see an orc priest and an orc.

Vanquished Creatures
  An orc wizard (D:3)
  Jessica (D:3)
  Natasha (twice) (D:2)
  4 adders
  2 worms
  2 dart slugs
  6 orcs (D:3)
  5 bats
  A giant cockroach (D:2)
  7 goblins
  8 hobgoblins
  6 jackals (D:2)
  2 ball pythons
  4 frilled lizards
  4 kobolds (D:2)
  6 rats
61 creatures vanquished.

Notes
Turn   | Place    | Note
-------+----------+-------------------------------------------
     0 | D:1      | Matador8 the Draconian Skald began the quest for the Orb.
     0 | D:1      | Reached XP level 1. HP: 17/17 MP: 3/3
   863 | D:1      | Reached XP level 2. HP: 24/24 MP: 5/5
  1366 | D:1      | Reached skill level 3 in Charms
  1569 | D:2      | Reached XP level 3. HP: 29/29 MP: 6/6
  1931 | D:2      | Learned a level 3 spell: Regeneration
  2058 | D:2      | Found a shattered altar of Ashenzari.
  2064 | D:2      | Noticed Natasha
  2077 | D:2      | Killed Natasha
  2077 | D:2      | Reached XP level 4. HP: 13/36 MP: 4/7
  2581 | D:2      | Noticed Natasha
  2589 | D:2      | Killed Natasha
  2589 | D:2      | Reached skill level 1 in Necromancy
  2713 | D:2      | Learned a level 3 spell: Spectral Weapon
  2916 | D:3      | Noticed Jessica
  3096 | D:3      | Reached XP level 5. HP: 41/41 MP: 4/8
  3116 | D:3      | Killed Jessica
  3116 | D:3      | Reached skill level 1 in Hexes
  3334 | D:3      | Reached skill level 4 in Charms
  3369 | D:3      | Killed from afar by an orc priest

Levels and vault maps discovered:
D:1:      dpeg_arrival_solitude, layout_basic
D:2:      minmay_chambers_of_ones, layout_rooms, evilmike_ruin_ashenzari,
          uniq_natasha
D:3:      layout_basic, st_stairs_14, uniq_jessica, uniq_sigmund, uniq_robin
D:4:      layout_loops_ring, grunt_temple_overflow_open, lightli_corner_chamber,
          uniq_menkaure, uniq_duvessa, uniq_ijyb

Skill      XL: |  1  2  3  4  5 |
---------------+----------------+-----
Charms         | 3 4 |  4.0
Maces & Flails | 3 |  3.9
Necromancy     | 1 |  1.0
Hexes          | 1 |  1.6
Fighting       | |  2.1
Dodging        | |  2.1
Spellcasting   | |  2.2

Action                   |  1- 3 |  4- 6 || total
-------------------------+-------+-------++-------
Melee: Mace              |   126 |    83 ||   209
       Tailslap          |     9 |     7 ||    16
 Cast: Infusion          |     2 |     6 ||     8
       Regeneration      |       |     1 ||     1
  Use: Scroll            |       |     3 ||     3
       Potion            |       |     3 ||     3
 Stab: Sleeping          |       |     1 ||     1
  Eat: Chunk             |     3 |     5 ||     8
Armor: Skin              |    35 |    21 ||    56
Dodge: Dodged            |    78 |    53 ||   131
